 Dungeon Crawl Stone Soup version 0.24.0-123-gd5b16e6ec5 (webtiles) character file.

Game seed: 4876193369452968337, levelgen mode: deterministic

459 dhhh the Cutter (level 6, -3/46 HPs)
             Began as a Vampire Gladiator on Dec 16, 2019.
             Was an Initiate of Trog.
             Slain by a scorpion (5 damage)
             ... on level 5 of the Dungeon.
             The game lasted 00:20:47 (3310 turns).

dhhh the Cutter (Vampire Gladiator)                 Turns: 3310, Time: 00:20:47

Health: -3/46      AC:  4    Str: 13    XL:     6   Next: 78%
Magic:  6/6        EV: 14    Int: 10    God:    Trog [......]
Gold:   41         SH:  0    Dex: 18    Spells: 5/5 levels left

rFire    . . .     SeeInvis +   a - +0 rapier
rCold    . . .     Gourm    .   (no shield)
rNeg     . . .     Faith    .   x - +0 leather armour
rPois    .         Spirit   .   c - +0 helmet
rElec    .         Reflect  .   o - scarf {cloud immunity}
rCorr    .         Harm     .   (no gloves)
MR       .....                  (no boots)
Stlth    ++........             (no amulet)
HPRegen  0.35/turn              (no ring)
MPRegen  0.10/turn              (no ring)

@: lethally poisoned (-3 -> -8), regenerating quickly
A: no food, fangs 3, see invisible, unbreathing
a: Exsanguinate, Renounce Religion


You were on level 5 of the Dungeon.
You worshipped Trog.
Trog was noncommittal.
You were alive.

You visited 2 branches of the dungeon, and saw 6 of its levels.

You collected 181 gold pieces.
You spent 140 gold pieces at shops.

Inventory:

Hand Weapons
 a - a +0 rapier (weapon)
 u - a +0 hunting sling
Missiles
 d - 3 throwing nets (quivered)
 i - 184 stones
 j - 46 arrows
Armour
 c - a +0 helmet (worn)
 o - a scarf of cloud immunity (worn)
 r - a +0 cloak
 x - a +0 leather armour (worn)
Wands
 w - a wand of paralysis (8)
Scrolls
 e - 3 scrolls of teleportation
 g - 2 scrolls of identify
 m - a scroll of immolation {unknown}
 p - a scroll of fog {unknown}
 s - a scroll of enchant armour {unknown}
Potions
 k - 2 potions of haste {unknown}
 n - a potion of might {unknown}
 t - a potion of resistance {unknown}
 v - a potion of heal wounds {unknown}
Comestibles
 f - 6 rations


   Skills:
 + Level 2.4 Fighting
 * Level 6.9 Short Blades
 - Level 1.5 Throwing
 + Level 2.1 Armour
 + Level 4.1 Dodging
 + Level 2.2 Stealth


You had 5 spell levels left.
You didn't know any spells.
Your spell library was empty.

Dungeon Overview and Level Annotations

Branches:
Dungeon (5/15)             Temple (1/1) D:4

Altars:
Ashenzari
Cheibriados
Elyvilon
Fedhas
Gozag
Makhleb
Nemelex Xobeh
Okawaru
Qazlal
Ru
Trog
Uskayaw
Wu Jian
Xom
Yredelemnul
Zin
The Shining One

Shops:
D:4 }%


Innate Abilities, Weirdness & Mutations

You do not eat.
Your natural rate of healing is unusually fast.
You have razor-sharp teeth.
You have supernaturally acute eyesight. (SInv)
You can survive without breathing.


Message History

* * * LOW HITPOINT WARNING * * *
You feel sick. The scorpion closely misses you.
You begin bloodletting.
You continue bloodletting.
* * * LOW HITPOINT WARNING * * *
You feel sick.
The scorpion stings you but does no damage.
You continue bloodletting.
* * * LOW HITPOINT WARNING * * *
You feel sick.
The scorpion stings you but does no damage.
You continue bloodletting.
* * * LOW HITPOINT WARNING * * *
You feel sick. The scorpion closely misses you.
You continue bloodletting.
* * * LOW HITPOINT WARNING * * *
You feel sick. The scorpion barely misses you.
You continue bloodletting.
* * * LOW HITPOINT WARNING * * *
You feel sick. The scorpion stings you.
You die...

#.###.#
.......########
..#.#.........#####
#...#...#........#
#........##.###.#
####...####.# #.#
.#####..## #.# #.#
........#####.# #.#
#######@......# #.#
##s####### #.######
##...## #...†...
#.....# #.#####.
#.......# ##....##.
#.........####...#.##.
+.........+ ..........
#.........# ##........
##.......## ##.......


You could see a scorpion.

Vanquished Creatures
  Sigmund (D:3)
  An ogre (D:4)
  A hound (D:5)
  A bullfrog skeleton (D:5)
  A hound skeleton (D:4)
  7 adders
  2 oozes
  An adder skeleton (D:4)
  2 leopard geckos
  7 orcs
  5 bats
  2 giant cockroaches (D:1)
  7 goblins
  8 hobgoblins
  3 jackals (D:3)
  2 quokkas
  2 ball pythons (D:1)
  11 kobolds
  13 rats
77 creatures vanquished.

Notes
Turn   | Place    | Note
-------+----------+-------------------------------------------
     0 | D:1      | dhhh the Vampire Gladiator began the quest for the Orb.
     0 | D:1      | Reached XP level 1. HP: 16/16 MP: 1/1
   165 | D:1      | Reached XP level 2. HP: 17/22 MP: 2/2
   360 | D:1      | Reached skill level 4 in Short Blades
   762 | D:2      | Reached XP level 3. HP: 27/27 MP: 3/3
   971 | D:2      | Reached XP level 4. HP: 26/33 MP: 4/4
  1470 | D:3      | Noticed Sigmund
  1471 | D:3      | Found a shattered altar of Ashenzari.
  1491 | D:3      | Found a shattered altar of Ashenzari.
  1610 | D:3      | Killed Sigmund
  1610 | D:3      | Reached skill level 6 in Short Blades
  1610 | D:3      | Reached skill level 1 in Armour
  1610 | D:3      | Reached skill level 1 in Stealth
  1610 | D:3      | Reached XP level 5. HP: 18/38 MP: 5/5
  2119 | D:3      | Reached XP level 6. HP: 40/44 MP: 6/6
  2505 | D:4      | Found a burning altar of Makhleb.
  2506 | D:4      | Found a sacrificial altar of Ru.
  2541 | D:4      | Became a worshipper of Ru the Awakened
  2549 | D:4      | Found Tizymo's Gadget Boutique.
  2558 | D:4      | Bought a wand of paralysis (8) for 140 gold pieces
  2649 | D:4      | Found Kiso's Food Boutique.
  3020 | D:4      | Found a staircase to the Ecumenical Temple.
  3027 | Temple   | Entered the Ecumenical Temple
  3052 | Temple   | Fell from the grace of Ru
  3052 | Temple   | Became a worshipper of Yredelemnul the Dark
  3075 | Temple   | Fell from the grace of Yredelemnul
  3075 | Temple   | Became a worshipper of Trog the Wrathful
  3234 | D:5      | Entered Level 5 of the Dungeon
  3310 | D:5      | HP: 2/46 [poisoned by a scorpion]
  3310 | D:5      | Slain by a scorpion

Levels and vault maps discovered:
D:1:      lightli_arrival_flooded_house, layout_loops_cross
D:2:      layout_loops_ring
D:3:      layout_basic, nicolae_overflow_crystal_walls, hangedman_decor_points,
          cheibrodos_ashenzari_chains, uniq_sigmund
D:4:      layout_basic, gammafunk_temple_overflow_pools, temple_green,
          serial_shops, nicolae_shop_behind_doors, shop
D:5:      layout_loops_corners, lemuel_doored_altar, vehumet_altar_wand_db,
          first_ration
Temple:   eino_temple_water

Skill      XL: |  1  2  3  4  5  6 |
---------------+-------------------+-----
Short Blades   | 4 6 |  6.9
Fighting       | 2 |  2.4
Armour         | 1 2 |  2.1
Dodging        | 4 |  4.1
Stealth        | 1 2 |  2.2
Throwing       | |  1.5

Action                   |  1- 3 |  4- 6 || total
-------------------------+-------+-------++-------
Melee: Rapier            |   102 |   153 ||   255
       Bite              |     3 |    17 ||    20
 Abil: Exsanguinate      |       |     1 ||     1
  Use: Scroll            |       |     5 ||     5
 Stab: Sleeping          |       |     4 ||     4
Armor: Leather armour    |    29 |    33 ||    62
Dodge: Dodged            |    74 |    94 ||   168
